Map: Incorporeal LE

Players

Hensonn

  • Race: Zerg Zerg
  • League: Grandmaster
  • Spawn Location: 5:00

Krystianer - Winner!

  • Race: Protoss Protoss
  • League: Grandmaster
  • Spawn Location: 11:00

VOD

Have the link to the VOD?

Description

Time

  • Played on: May 9, 2025, 5 a.m.
  • Length: 10:52
Show
View Real Time Build Order
Export as new Build Order

Hensonn Zerg 

Build Orders: Hatch First, Lurkers, Roach Hydra 

Get SALT Encoding   

  12  0:00  Drone  
  13  0:12  Overlord  
  13  0:16  Drone  
  14  0:30  Drone x2  
  16  0:45  Hatchery  
  16  0:49  Drone  
  16  0:52  Drone  
  16  0:55  Drone  
  18  1:06  Extractor  
  18  1:10  Spawning Pool  
  16  1:14  Drone  
  16  1:17  Drone  
  18  1:27  Drone  
  19  1:38  Drone  
  20  1:49  Drone  
  21  1:57  Queen x2, Zergling x2  
  21  2:00  Drone  
  27  2:08  Drone  
  28  2:10  Overlord  
  28  2:12  Metabolic Boost  
  28  2:28  Drone x2  
  28  2:29  Drone  
  31  2:33  Hatchery  
  31  2:36  Zergling x2  
  31  2:42  Queen  
  33  2:47  Overlord  
  33  2:50  Zergling x2  
  34  2:52  Zergling x2  
  34  2:54  Zergling x2  
  36  3:08  Drone x3  
  36  3:09  Drone  
  36  3:10  Queen  
  42  3:22  Drone x2  
  42  3:33  Drone x3  
  43  3:37  Overlord  
  43  3:38  Overlord  
  43  3:40  Spore Crawler  
  42  3:41  Spore Crawler  
  42  3:47  Drone  
  42  3:48  Drone  
  43  3:49  Drone x2  
  45  3:58  Drone x4  
  45  4:00  Drone  
  47  4:08  Drone x2  
  49  4:16  Drone x3  
  50  4:21  Drone  
  50  4:22  Drone x5  
  55  4:29  Roach Warren, Drone  
  55  4:32  Spore Crawler  
  55  4:35  Queen  
  56  4:39  Overlord  
  56  4:42  Drone x3  
  59  4:47  Drone x3  
  59  4:50  Lair  
  62  4:56  Overlord  
  62  4:57  Overlord  
  62  4:59  Drone x4  
  66  5:03  Extractor x2  
  66  5:06  Drone x2  
  66  5:17  Zergling x2, Roach x5  
  66  5:18  Zergling x6  
  80  5:22  Drone  
  81  5:32  Overlord x2  
  81  5:42  Drone x3  
  81  5:43  Drone  
  81  5:44  Hatchery  
  81  5:47  Drone  
  81  5:51  Evolution Chamber, Glial Reconstitution  
  81  5:56  Drone x2  
  81  5:58  Queen, Overlord  
  81  5:59  Extractor x2  
  81  6:01  Drone x5  
  86  6:04  Drone  
  86  6:08  Drone  
  86  6:12  Drone  
  86  6:15  Roach x4  
  86  6:17  Zerg Missile Weapons Level 1  
  95  6:20  Hatchery, Overseer  
  95  6:24  Hatchery  
  93  6:28  Drone  
  93  6:32  Extractor  
  93  6:35  Drone x3, Overlord x2  
  93  6:38  Roach x5  
  106  6:43  Overlord x3  
  106  6:49  Hydralisk Den  
  106  6:50  Infestation Pit  
  104  6:59  Drone x5  
  109  7:05  Drone x4  
  109  7:06  Drone x3  
  116  7:12  Ravager x2  
  116  7:13  Ravager x2  
  120  7:17  Drone  
  112  7:24  Muscular Augments  
  112  7:28  Hatchery  
  112  7:29  Hive  
  109  7:30  Drone  
  109  7:32  Lurker Den  
  109  7:36  Extractor x2  
  107  7:37  Drone  
  107  7:38  Drone x5  
  107  7:39  Hydralisk x4  
  121  7:49  Hydralisk x5  
  131  7:57  Hydralisk x4  
  139  8:02  Overlord x2  
  139  8:06  Drone  
  139  8:07  Drone  
  139  8:08  Hydralisk x2  
  145  8:16  Zerg Missile Weapons Level 2  
  146  8:20  Drone x6  
  146  8:21  Zergling x6  
  146  8:22  Zergling x6  
  155  8:28  Grooved Spines  
  155  8:31  Lurker x4  
  159  8:35  Zergling x18  
  159  8:36  Hydralisk x2  
  168  8:45  Seismic Spines  
  168  8:46  Lurker x2  
  168  8:47  Zergling x8  
  174  8:48  Overlord  
  174  8:49  Overlord x2  
  150  9:05  Hydralisk x7  
  150  9:06  Zergling x14  
  157  9:16  Hydralisk  
  146  9:17  Zergling x12  
  139  9:25  Hydralisk x3  
  139  9:26  Hydralisk x4  
  143  9:35  Hydralisk x5  
  138  9:43  Hydralisk x3  
  129  9:53  Hydralisk x4  
  129  10:03  Hydralisk  
  129  10:04  Hydralisk x3  
  129  10:11  Hydralisk x4  
  137  10:20  Extractor x2  
  135  10:24  Hydralisk x2  
  135  10:25  Zergling x14  
Show
View Real Time Build Order
Export as new Build Order

Krystianer Protoss - Winner!

Build Orders: 1 Gate Expand, Oracle Opening, Archon Immortal, Archon Drop 

Get SALT Encoding   

  12  0:00  Probe  
  13  0:12  Probe  
  14  0:19  Pylon  
  14  0:24  Probe  
  15  0:33  Probe  
  15  0:38  Gateway  
  15  0:41  Probe  
  16  0:46  Assimilator  
  17  0:52  Probe  
  18  1:04  Probe  
  19  1:16  Probe  
  20  1:23  Nexus  
  20  1:32  Cybernetics Core  
  20  1:35  Probe  
  21  1:44  Assimilator  
  21  1:47  Probe  
  21  1:50  Pylon  
  22  1:58  Adept  
  22  1:59  Probe  
  23  2:12  Probe  
  26  2:19  Adept, Stargate  
  26  2:24  Probe  
  29  2:31  Probe  
  29  2:33  Warp Gate  
  29  2:36  Probe  
  31  2:39  Probe  
  32  2:48  Adept, Probe  
  32  2:49  Probe  
  36  2:55  Oracle  
  36  3:00  Probe  
  36  3:01  Probe  
  41  3:12  Probe  
  42  3:13  Pylon, Probe  
  43  3:24  Probe  
  43  3:25  Probe  
  41  3:34  Probe  
  41  3:35  Gateway  
  41  3:36  Probe  
  41  3:37  Assimilator  
  41  3:38  Assimilator, Robotics Facility  
  43  3:42  Probe  
  43  3:45  Twilight Council  
  44  3:48  Probe  
  44  3:52  Probe  
  46  4:00  Probe  
  47  4:04  Probe  
  48  4:13  Probe  
  48  4:16  Probe  
  47  4:20  Warp Prism  
  47  4:25  Probe  
  47  4:26  Gateway x2  
  47  4:27  Stalker, Templar Archives  
  52  4:34  Pylon  
  52  4:35  Probe  
  53  4:42  Probe  
  54  4:50  Pylon  
  54  4:53  Nexus  
  54  4:56  Probe x2  
  56  5:01  Adept  
  56  5:05  Pylon  
  58  5:08  Probe x2  
  60  5:18  Forge  
  60  5:20  Probe x2  
  62  5:24  High Templar x3  
  62  5:25  High Templar  
  62  5:26  Immortal  
  70  5:28  Archon  
  70  5:29  Archon  
  70  5:32  Probe  
  70  5:33  Probe  
  70  5:34  Pylon  
  74  5:45  Probe x2  
  74  5:52  Immortal  
  74  5:53  Robotics Facility  
  74  5:54  Protoss Ground Weapons Level 1  
  74  5:57  Probe x2  
  75  6:02  Assimilator  
  76  6:05  Assimilator, Probe  
  76  6:09  Probe x2  
  83  6:16  Charge  
  83  6:17  Probe  
  83  6:18  Pylon  
  84  6:21  Immortal, Probe  
  84  6:23  Probe  
  86  6:29  Probe  
  91  6:33  Probe  
  91  6:35  Probe  
  91  6:38  Immortal  
  93  6:42  Gateway  
  93  6:43  Gateway  
  93  6:44  Gateway  
  93  6:45  Gateway  
  93  6:46  Pylon  
  93  6:53  Pylon  
  97  6:57  Immortal  
  97  7:06  Psionic Storm  
  97  7:07  Photon Cannon  
  97  7:08  Immortal  
  101  7:10  Pylon  
  101  7:25  High Templar x2  
  101  7:26  Zealot x2  
  101  7:27  Immortal  
  113  7:38  High Templar x2  
  113  7:43  Nexus  
  117  7:44  Pylon  
  117  7:46  Pylon  
  117  7:47  Immortal  
  117  7:49  Zealot x2  
  125  8:00  Immortal, Zealot  
  125  8:01  Zealot  
  125  8:03  Pylon  
  129  8:05  Pylon  
  129  8:06  Protoss Ground Weapons Level 2  
  129  8:11  High Templar  
  135  8:16  Zealot x4  
  143  8:21  Immortal  
  143  8:24  Zealot x3  
  153  8:45  Zealot x6  
  161  8:49  Zealot  
  150  9:01  Immortal, Observer  
  143  9:12  Zealot x7  
  143  9:13  Observer  
  143  9:22  Immortal  
  132  9:33  Immortal  
  132  9:35  Archon x2  
  132  9:36  Zealot x8  
  134  9:46  Probe  
  134  9:50  Warp Prism  
  134  9:52  Probe  
  128  9:53  Probe  
  128  9:58  Probe  
  128  9:59  High Templar x8  
  143  10:06  Observer  
  136  10:17  Probe  
  136  10:18  Probe x3  
  140  10:21  Assimilator  
  140  10:25  Assimilator  
  148  10:31  Zealot x6  
  145  10:50  Archon x3  
Tags
 
Add a new tag
Caveats
  • Supply blocks, unpowered buildings, or Contaminate may cause inaccurate times.
  • Supply counts are checked every 10 seconds.